 Dungeon Crawl Stone Soup version 0.29-a0-841-g116ddc6ace (webtiles) character file.

Game seed: 17022768418288834260

40 gruber the Conjurer (level 3, 0/19 HPs)
             Began as a Tengu Conjurer on July 14, 2022.
             Slain by Terence
             ... wielding a +0 mace
              (5 damage)
             ... on level 2 of the Dungeon.
             The game lasted 00:00:42 (1147 turns).

gruber the Conjurer (Tengu Conjurer)                Turns: 1147, Time: 00:00:43

Health: 0/19       AC:  2    Str:  7    XL:     3   Next: 50%
Magic:  1/7        EV: 12    Int: 20    God:
Gold:   82         SH:  0    Dex: 12    Spells: 5/6 levels left

rFire   . . .      SeeInvis .   (no weapon)
rCold   . . .      Faith    .   (no shield)
rNeg    . . .      Spirit   .   a - +0 robe
rPois   .          Reflect  .   (helmet restricted)
rElec   .          Harm     .   (no cloak)
rCorr   .          Rampage  .   (no gloves)
Will    .....                   (boots unavailable)
Stlth   ++........              (no amulet)
HPRegen 0.06/turn               (no ring)
MPRegen 0.10/turn               (no ring)

@: no status effects
A: beak, talons 3
a: no special abilities


You were on level 2 of the Dungeon.
You visited 1 branch of the dungeon, and saw 2 of its levels.

You collected 82 gold pieces.

Inventory:

Armour
 a - a +0 robe (worn)
Jewellery
 i - a +6 ring of dexterity
Scrolls
 g - a scroll of immolation {unknown}
 h - a scroll of identify {unknown}
Potions
 b - a potion of magic
 c - a potion of invisibility {unknown}
 d - a potion of mutation {unknown}
 e - a potion of flight {unknown}
 f - 3 potions of curing {unknown}


   Skills:
 - Level 2.1 Dodging
 - Level 2.0 Stealth
 + Level 2.2 Spellcasting
 + Level 6.7 Conjurations


You had 5 spell levels left.
You knew the following spells:

 Your Spells              Type           Power      Damage    Failure   Level
a - Magic Dart            Conj           100%       1d8       1%          1

Your spell library contained the following spells:

 Spells                   Type           Power      Damage    Failure   Level
 Searing Ray              Conj           58%        2d6       1%          2
 Dazzling Flash           Conj/Hex       30%        N/A       12%         3
 Freeze                   Ice            8%         1d3       16%         1
 Fulminant Prism          Conj/Hex       7%         3d7       36%         4
 Hailstorm                Conj/Ice       15%        3d5       36%         4
 Iskenderun's Mystic Bla  Conj/Tloc      15%        2d5       36%         4
 Frozen Ramparts          Ice            4%         1d2       43%         3


Dungeon Overview and Level Annotations

Branches:
Dungeon (2/15)

Altars:

Annotations:
D:2 Terence


Innate Abilities, Weirdness & Mutations

You have a beak for a mouth.
You have claws for feet.


Message History

You kill the hobgoblin!
You pick up a book of Frost and begin reading...
You add the spells Freeze, Frozen Ramparts and Hailstorm to your library.
You can't see any susceptible monsters within range! (Use Z to cast anyway.) Terence the Incautious comes into view.
He is wielding a +0 mace.
The magic dart hits Terence.
Terence is moderately wounded.
Terence is nearby!
The magic dart hits Terence.
Terence is heavily wounded.
Terence is nearby!
The magic dart hits Terence but does no damage.
Terence is heavily wounded.
Terence is nearby!
The magic dart hits Terence but does no damage.
Terence is heavily wounded.
Terence is nearby!
The magic dart hits Terence.
Terence is heavily wounded.
The magic dart hits Terence.
Terence is heavily wounded.
The magic dart hits Terence.
Terence is severely wounded.
Terence hits you with a +0 mace!
You are out of magic!
You are out of magic!
You hit Terence but do no damage.
Terence is severely wounded.
Terence hits you with a +0 mace.
* * * LOW HITPOINT WARNING * * *
You barely miss Terence. You claw Terence.
Terence is severely wounded.
Terence barely misses you.
You hit Terence but do no damage. You claw Terence. Your peck misses Terence.
Terence is almost dead.
Terence barely misses you.
You closely miss Terence. You claw Terence, but do no damage.
Terence is almost dead.
Terence hits you with a +0 mace.
You die...

####...######
##.## #.#
#.## #..#
##.# ###.#
#...# #@###
#@# #$# #.#
#.# #.# #.#
#.#


You could see Terence.

Vanquished Creatures
  A gnoll (D:1)
  4 ball pythons (D:1)
  3 bats (D:1)
  An endoplasm (D:1)
  A giant cockroach (D:1)
  3 goblins
  3 hobgoblins
  2 jackals (D:1)
  2 quokkas (D:1)
  2 frilled lizards (D:1)
  2 kobolds (D:1)
  3 rats (D:1)
27 creatures vanquished.

Notes
Turn   | Place    | Note
-------+----------+-------------------------------------------
     0 | D:1      | gruber the Tengu Conjurer began the quest for the Orb.
     0 | D:1      | Reached XP level 1. HP: 10/10 MP: 4/4
   144 | D:1      | Reached skill level 6 in Conjurations
   144 | D:1      | Reached XP level 2. HP: 15/15 MP: 0/6
   589 | D:1      | Reached XP level 3. HP: 19/19 MP: 4/7
  1136 | D:2      | Noticed Terence
  1147 | D:2      | Slain by Terence

Illustrated notes

Levels and vault maps discovered:
D:1:      lightli_arrival_statue_moat, layout_basic
D:2:      layout_loops_ring, basic_altar, uniq_jessica, uniq_terence

Skill      XL: |  1 |
---------------+----+-----
Conjurations   | 6 |  6.7
Dodging        | |  2.1
Stealth        | |  2.0
Spellcasting   | |  2.2

Action                   || total
-------------------------++-------
Melee: Unarmed           ||    10
       Kick              ||     8
       Peck              ||     1
 Cast: Magic Dart        ||    50
Armor: Robe              ||     1
Dodge: Dodged            ||     3

Table legend: (Time is in decaauts)
 A = Elapsed time spent in this place.
 B = Non-inter-level travel time spent in this place.
 C = Inter-level travel time spent in this place.
 D = Time resting spent in this place.
 E = Time spent auto-exploring this place.
 F = Levels seen in this place.
 G = Mean time per level.
                   A        B        C        D        E       F      G
               +--------+--------+--------+--------+--------+-----+--------+
         Total |   1146 |   1143 |      3 |      0 |   1026 |   2 |  573.0 |
       Dungeon |   1146 |   1143 |      3 |      0 |   1026 |   2 |  573.0 |
               +--------+--------+--------+--------+--------+-----+--------+

Top non-repeatable levels by time:
     D:1: 1004 daAuts
     D:2: 142 daAuts
